 Dungeon Sprint DCSS version 0.26-a0-1184-g95e395e029 (webtiles) character file.

Game seed: 16188895173693542286

702 rocky1 the Zephyrmancer (level 7, -3/44 HPs)
             Began as a Tengu Air Elementalist on Dec 28, 2020.
             Was a Priest of Sif Muna.
             Slain by a catoblepas (21 damage)
             ... in the Dungeon (Sprint IX: "|||||||||||||||||||||||||||||").
             The game lasted 00:05:39 (737 turns).

rocky1 the Zephyrmancer (Tengu Air Elementalist)     Turns: 737, Time: 00:05:40

Health: -3/44      AC:  8    Str:  8    XL:     7   Next: 66%
Magic:  15/15      EV: 13    Int: 18    God:    Sif Muna [***...]
Gold:   0          SH:  0    Dex: 20    Spells: 3/16 levels left

rFire    . . .     SeeInvis .   p - +2 scimitar (flame)
rCold    . . .     Faith    .   (no shield)
rNeg     . . .     Spirit   .   o - +2 ring mail
rPois    .         Reflect  .   (helmet restricted)
rElec    .         Harm     .   (no cloak)
rCorr    .         Rampage  .   (no gloves)
Will     .....     NoTele   +   (boots unavailable)
Stlth    ++........             (no amulet)
HPRegen  0.14/turn              m - +3 ring of dexterity
MPRegen  0.14/turn              n - +3 ring of dexterity

@: no status effects
A: beak, talons 3, able to fly
a: Fly, Renounce Religion, Channel Magic, Forget Spell


You were in the Dungeon.
You worshipped Sif Muna.
Sif Muna was most pleased with you.
You visited 1 branch

Inventory:

Hand Weapons
 p - a +2 scimitar of flaming (weapon)
Armour
 o - a +2 ring mail (worn)
Jewellery
 m - a +3 ring of dexterity (left hand)
 n - a +3 ring of dexterity (right hand)
Wands
 l - a wand of acid (7)
Scrolls
 h - 2 scrolls of blinking
 j - 3 scrolls of remove curse
 k - 2 scrolls of amnesia
Potions
 d - 2 potions of heal wounds
 e - a potion of haste
 f - 4 potions of magic
 i - 3 potions of curing


   Skills:
 + Level 4.7 Fighting
 + Level 5.4 Long Blades
 + Level 5.2 Armour
 + Level 5.9 Dodging
 - Level 2.0 Stealth
 + Level 5.0 Spellcasting
 + Level 9.8 Conjurations
 + Level 10.3 Air Magic
 + Level 4.5 Invocations


You had 3 spell levels left.
You knew the following spells:

 Your Spells              Type           Power        Failure   Level
a - Shock                 Conj/Air       100%         1%          1
b - Lightning Bolt        Conj/Air       20%          16%         5
c - Airstrike             Air            20%          5%          4
d - Static Discharge      Conj/Air       40%          1%          3

Your spell library contained the following spells:

 Spells                   Type           Power        Failure   Level
 Swiftness                Air            41%          1%          2


Dungeon Overview and Level Annotations

Branches:
Dungeon (1/1)

Altars:
Cheibriados
Dithmenos
Elyvilon
Fedhas
Gozag
Hepliaklqana
Kikubaaqudgha
Makhleb
Nemelex Xobeh
Okawaru
Qazlal
Ru
Sif Muna
Trog
Uskayaw
Vehumet
Wu Jian
Xom
Yredelemnul
Zin
The Shining One
Beogh
Jiyva
Lugonu


Innate Abilities, Weirdness & Mutations

You have a beak for a mouth.
You have claws for feet.
You can fly continuously.


Message History

You kill the steam dragon!
Sif Muna accepts your kill. The catoblepas completely misses you.
You riposte.
You hit the catoblepas. You burn the catoblepas.
The catoblepas is moderately wounded.
Your Long Blades skill increases to level 5!
Your Armour skill increases to level 5!
Your Spellcasting skill increases to level 5!
You slash the catoblepas! You burn the catoblepas. You claw the catoblepas.
The catoblepas is heavily wounded.
The catoblepas closely misses you. The catoblepas gores you!!
You hit the catoblepas. You burn the catoblepas. You claw the catoblepas.
You peck the catoblepas, but do no damage.
The catoblepas is heavily wounded.
The catoblepas breathes a plume of calcifying dust at you.
The blast of calcifying dust hits you!
You slash the catoblepas! You burn the catoblepas.
The catoblepas is severely wounded.
You are engulfed in calcifying dust.
The catoblepas gores you!!
You die...

▓.▓
▓.▓
▓.▓
▓.▓
▓†▓
▓.▓
▓Y▓
▓@▓
▓§▓
▓§▓
▓.▓
▓)▓
▓(▓
▓'▓
▓.▓
▓.▓


You could see a catoblepas (corroded).

Vanquished Creatures
  A wyvern (D)
  A steam dragon (D)
  A black bear (D)
  A sky beast (D)
  A centaur (D)
  A phantom (D)
  A scorpion (D)
  A killer bee (D)
  2 worker ants (D)
  An adder skeleton (D)
  A leopard gecko (D)
  An orc (D)
  3 bats (D)
  A bat zombie (D)
  A goblin (D)
  2 quokkas (D)
  A leopard gecko skeleton (D)
21 creatures vanquished.

Notes
Turn   | Place    | Note
-------+----------+-------------------------------------------
     0 | D        | rocky1 the Tengu Air Elementalist began the quest for the
                  | Orb.
     0 | D        | Reached XP level 1. HP: 10/10 MP: 4/4
     5 | D        | Reached skill level 5 in Air Magic
    12 | D        | Reached XP level 2. HP: 15/15 MP: 4/6
    46 | D        | Reached skill level 5 in Conjurations
    46 | D        | Reached skill level 7 in Air Magic
    46 | D        | Reached XP level 3. HP: 11/19 MP: 1/7
   274 | D        | Found a roughly hewn altar of Beogh.
   274 | D        | Found a snail-covered altar of Cheibriados.
   274 | D        | Found a shadowy altar of Dithmenos.
   274 | D        | Found a white marble altar of Elyvilon.
   274 | D        | Found a blossoming altar of Fedhas.
   274 | D        | Found an opulent altar of Gozag.
   275 | D        | Found a hazy altar of Hepliaklqana.
   276 | D        | Found a viscous altar of Jiyva.
   277 | D        | Found an ancient bone altar of Kikubaaqudgha.
   278 | D        | Found a corrupted altar of Lugonu.
   279 | D        | Found a burning altar of Makhleb.
   280 | D        | Found a sparkling altar of Nemelex Xobeh.
   281 | D        | Found an iron altar of Okawaru.
   282 | D        | Found a stormy altar of Qazlal.
   283 | D        | Found a sacrificial altar of Ru.
   284 | D        | Found a shimmering blue altar of Sif Muna.
   285 | D        | Found a bloodstained altar of Trog.
   286 | D        | Found a hide-covered altar of Uskayaw.
   287 | D        | Found a radiant altar of Vehumet.
   288 | D        | Found an ornate altar of the Wu Jian Council.
   289 | D        | Found a shimmering altar of Xom.
   290 | D        | Found a basalt altar of Yredelemnul.
   291 | D        | Found a glowing silver altar of Zin.
   292 | D        | Became a worshipper of Sif Muna the Loreminder
   293 | D        | Found a glowing golden altar of the Shining One.
   346 | D        | Noticed a sky beast
   346 | D        | Noticed a centaur
   346 | D        | Noticed a killer bee
   346 | D        | Noticed a phantom
   349 | D        | Killed a killer bee
   350 | D        | Reached skill level 1 in Fighting
   350 | D        | Reached skill level 1 in Long Blades
   350 | D        | Reached skill level 1 in Armour
   350 | D        | Reached skill level 8 in Air Magic
   350 | D        | Reached skill level 1 in Invocations
   350 | D        | Reached XP level 4. HP: 22/25 MP: 4/8
   350 | D        | Reached * piety under Sif Muna
   354 | D        | Killed a phantom
   355 | D        | Gained mutation: You can fly continuously. [Tengu growth]
   355 | D        | Reached XP level 5. HP: 31/31 MP: 1/10
   356 | D        | Killed a centaur
   357 | D        | Reached skill level 9 in Air Magic
   357 | D        | Reached XP level 6. HP: 37/37 MP: 2/12
   362 | D        | Killed a sky beast
   362 | D        | Reached ** piety under Sif Muna
   453 | D        | Learned a level 5 spell: Lightning Bolt
   458 | D        | Learned a level 4 spell: Airstrike
   462 | D        | Learned a level 3 spell: Static Discharge
   465 | D        | Noticed a catoblepas
   465 | D        | Noticed a steam dragon
   465 | D        | Noticed a wyvern
   465 | D        | Noticed a black bear
   469 | D        | Reached skill level 5 in Dodging
   474 | D        | Killed a black bear
   475 | D        | Reached XP level 7. HP: 40/43 MP: 8/14
   491 | D        | Killed a wyvern
   491 | D        | Reached *** piety under Sif Muna
   492 | D        | Reached skill level 10 in Air Magic
   734 | D        | Killed a steam dragon
   735 | D        | Reached skill level 5 in Long Blades
   735 | D        | Reached skill level 5 in Armour
   735 | D        | Reached skill level 5 in Spellcasting
   737 | D        | Slain by a catoblepas

Illustrated notes

Levels and vault maps discovered:
D:        linesprint [early_d, line_temple, items_1, d_10, items_2, lair_1,
          lair_end, items_3, orc_1, orc_end, items_4, d_15, swamp_1, shoals_1,
          snake_1, spider_1, d_20, vaults_1, items_5, swamp_end, shoals_end,
          snake_end, spider_end, vaults_end, d_27, items_6, zot_1, zot_end,
          crypt_end, forest_end, elf_end, slime_end, tomb_end, abyss_end,
          pan_hell_end]

Skill      XL: |  1  2  3  4  5  6  7 |
---------------+----------------------+-----
Conjurations   | 3 5 7 8 9 |  9.8
Air Magic      | 5 7 8 9 10 | 10.3
Fighting       | 1 2 3 4 |  4.7
Long Blades    | 1 2 3 4 5 |  5.4
Armour         | 1 2 3 4 5 |  5.2
Invocations    | 1 2 3 4 |  4.5
Dodging        | 3 4 5 |  5.9
Spellcasting   | 3 4 5 |  5.0
Stealth        | |  2.0

Action                   |  1- 3 |  4- 6 |  7- 9 || total
-------------------------+-------+-------+-------++-------
Melee: Unarmed           |     5 |       |       ||     5
       Kick              |     6 |     3 |     3 ||    12
       Dagger            |    14 |       |       ||    14
       Peck              |     6 |     4 |     1 ||    11
       Scimitar          |       |     9 |     7 ||    16
 Cast: Shock             |     9 |     9 |     2 ||    20
Evoke: Wand              |       |       |     3 ||     3
  Use: Potion            |     1 |     3 |     1 ||     5
 Stab: Petrifying        |       |     1 |       ||     1
       Petrified         |       |       |     2 ||     2
Armor: Robe              |     5 |       |       ||     5
       Ring mail         |     1 |     6 |     2 ||     9
Dodge: Dodged            |    22 |    15 |     5 ||    42
       Rpst.: Scimitar   |     1 |     2 |     1 ||     4

Table legend: (Time is in decaauts)
 A = Elapsed time spent in this place.
 B = Non-inter-level travel time spent in this place.
 C = Inter-level travel time spent in this place.
 D = Time resting spent in this place.
 E = Time spent auto-exploring this place.
 F = Levels seen in this place.
 G = Mean time per level.
                   A        B        C        D        E       F      G
               +--------+--------+--------+--------+--------+-----+--------+
         Total |    747 |    747 |      0 |    544 |      0 |   1 |  747.0 |
       Dungeon |    747 |    747 |      0 |    544 |      0 |   1 |  747.0 |
               +--------+--------+--------+--------+--------+-----+--------+

Top non-repeatable levels by time:
       D: 747 daAuts
